 Dungeon Crawl Stone Soup version 0.27-a0-46-g34d46f0a3f (webtiles) character file.

Game seed: 14582726390073297722

86 kae the Insei (level 4, 0/35 HPs)
             Began as a Demonspawn Gladiator on Jan 6, 2021.
             Killed by nerve-wracking pain
             ... invoked by Grinder
              (9 damage)
             ... while paralysed by Grinder
             ... on level 3 of the Dungeon.
             The game lasted 00:01:29 (2551 turns).

kae the Insei (Demonspawn Gladiator)                Turns: 2551, Time: 00:01:30

Health: 0/35       AC:  5    Str: 15    XL:     4   Next: 27%
Magic:  4/4        EV:  2    Int:  9    God:
Gold:   200        SH:  0    Dex: 15    Spells: 3/3 levels left

rFire    . . .     SeeInvis .     - Unarmed
rCold    . . .     Faith    .   (no shield)
rNeg     . . .     Spirit   .   a - +0 leather armour
rPois    .         Reflect  +   e - +1 helmet
rElec    .         Harm     .   (no cloak)
rCorr    .         Rampage  .   (no gloves)
Will     .....                  (no boots)
Stlth    +.........             k - amulet of reflection
HPRegen  0.11/turn              (no ring)
MPRegen  0.09/turn              (no ring)

@: confused, paralysed, mighty
A: large bone plates 1, powered by pain 1
a: no special abilities


You were on level 3 of the Dungeon.
You visited 1 branch of the dungeon, and saw 3 of its levels.

You collected 200 gold pieces.

Inventory:

Missiles
 c - 3 throwing nets (quivered)
Armour
 a - a +0 leather armour (worn)
 e - a +1 helmet (worn)
Jewellery
 k - an amulet of reflection (around neck)
Scrolls
 d - a scroll of immolation {unknown}
 f - 2 scrolls of remove curse
 i - a scroll of amnesia {unknown}
Potions
 b - a potion of curing
 h - a potion of flight {unknown}


   Skills:
 + Level 3.0 Fighting
 - Level 1.7 Throwing
 - Level 2.6 Dodging
 * Level 4.1 Unarmed Combat


You had 3 spell levels left.
You didn't know any spells.
Your spell library was empty.

Dungeon Overview and Level Annotations

Branches:
Dungeon (3/15)

Altars:

Annotations:
D:3 Grinder, Sigmund


Innate Abilities, Weirdness & Mutations

You are partially covered in large bone plates. (SH +4)
You sometimes gain a little power by taking damage.


Message History

Sigmund flickers and vanishes!
Deactivating autopickup; reactivate with Ctrl-A.
You punch something!
Grinder says, "Tell me all your secrets, or I'll kill you."
Something hits you.
You punch something! You closely miss something.
You hear some strange, mumbled words.
You are confused.
Grinder blinks!
You miss something. Something hits you but does no damage.
Grinder gestures at you.
You suddenly lose the ability to move!
Something hits you. Something hits you! Something hits you!
* * * LOW HITPOINT WARNING * * *
Grinder gestures at you. Pain shoots through your body!
You die...

#.##.##.# .... #
#.##.# #.##.# # #.##.#
#.##.##.#
#.......########
###...####.....#
##.....###.....#
#............5@#
##.....###.....{......
##...## #.....#######
##.## ####### ##


You could see Grinder.

Vanquished Creatures
  3 adders
  An ooze (D:2)
  A dart slug (D:2)
  3 leopard geckos
  An orc (D:3)
  4 giant cockroaches
  3 goblins
  5 hobgoblins
  3 jackals (D:2)
  4 kobolds
  12 bats
  5 frilled lizards
  3 rats
48 creatures vanquished.

Vanquished Creatures (others)
  A plant (D:2)
1 creature vanquished.

Grand Total: 49 creatures vanquished

Notes
Turn   | Place    | Note
-------+----------+-------------------------------------------
     0 | D:1      | kae the Demonspawn Gladiator began the quest for the Orb.
     0 | D:1      | Reached XP level 1. HP: 16/16 MP: 1/1
   245 | D:1      | Reached skill level 3 in Unarmed Combat
   283 | D:1      | Gained mutation: You sometimes gain a little power by
                  | taking damage. [demonic ancestry]
   283 | D:1      | Reached XP level 2. HP: 18/22 MP: 2/2
  1018 | D:2      | Reached XP level 3. HP: 28/28 MP: 3/3
  1656 | D:2      | Reached skill level 4 in Unarmed Combat
  1840 | D:2      | Gained mutation: You are partially covered in large bone
                  | plates. (SH +4) [demonic ancestry]
  1840 | D:2      | Reached XP level 4. HP: 34/34 MP: 4/4
  2116 | D:2      | Found a faded altar of an unknown god.
  2536 | D:3      | Noticed Sigmund
  2539 | D:3      | Noticed Grinder
  2546 | D:3      | Paralysed by Grinder for 7 turns
  2551 | D:3      | Killed from afar by Grinder

Illustrated notes

Levels and vault maps discovered:
D:1:      ebering_trefoil_3fold, layout_basic,
          wander_ebering_terrifying_dragon_lair
D:2:      minmay_door_path, layout_basic, chequers_ecumenical_altar_lobes
D:3:      layout_loops_cross, uniq_grinder, uniq_sigmund

Skill      XL: |  1  2  3  4 |
---------------+-------------+-----
Unarmed Combat | 3 4 |  4.1
Fighting       | 3 |  3.0
Throwing       | |  1.7
Dodging        | |  2.6

Action                   |  1- 3 |  4- 6 || total
-------------------------+-------+-------++-------
Melee: Unarmed           |   173 |    34 ||   207
       Punch             |     3 |       ||     3
  Use: Scroll            |     4 |     3 ||     7
       Potion            |       |     1 ||     1
 Stab: Sleeping          |     1 |       ||     1
Armor: Leather armour    |    58 |    14 ||    72
Dodge: Dodged            |   108 |    11 ||   119
Block: Other             |       |    10 ||    10

Table legend: (Time is in decaauts)
 A = Elapsed time spent in this place.
 B = Non-inter-level travel time spent in this place.
 C = Inter-level travel time spent in this place.
 D = Time resting spent in this place.
 E = Time spent auto-exploring this place.
 F = Levels seen in this place.
 G = Mean time per level.
                   A        B        C        D        E       F      G
               +--------+--------+--------+--------+--------+-----+--------+
         Total |   2539 |   2431 |    108 |      0 |   2047 |   3 |  846.3 |
       Dungeon |   2539 |   2431 |    108 |      0 |   2047 |   3 |  846.3 |
               +--------+--------+--------+--------+--------+-----+--------+

Top non-repeatable levels by time:
     D:2: 1432 daAuts
     D:1: 989 daAuts
     D:3: 117 daAuts
